 Dungeon Crawl Stone Soup version 0.16-a0-3215-g5dfac0e (console) character file.

267 MrRokkomies the Skirmisher (level 6, -4/56 HPs)
             Began as a Draconian Warper on Dec 19, 2014.
             Was an Initiate of Gozag.
             Slain by an orc
             ... wielding a +2 dagger of electrocution
              (20 damage)
             ... on level 4 of the Dungeon on Dec 20, 2014.
             The game lasted 00:38:40 (3268 turns).

MrRokkomies the Skirmisher (Draconian Warper)       Turns: 3268, Time: 00:38:40

Health: -4/56      AC: 12    Str: 13    XL:     6   Next: 0%
Magic:  8/10       EV: 12    Int: 19    God:    Gozag
Gold:   240        SH:  0    Dex: 12    Spells: 4 memorised, 1 level left

rFire  . . .     SeeInvis .     a - +0 trident
rCold  . . .     Clarity  .     (armour unavailable)
rNeg   . . .     SustAb   .     (no shield)
rPois  .         Gourm    .     (helmet restricted)
rElec  .         Spirit   .     m - +1 cloak
rCorr  .         Warding  .     (no gloves)
rMut   .         Stasis   .     (no boots)
MR     .....                    (no amulet)
Stlth  +.........               s - +4 ring of protection
                                w - +5 ring of intelligence (curse)

@: shrouded, not resistant to hostile enchantments, very unstealthy
A: unfitting armour, cold-blooded, AC +6
a: Potion Petition, Call Merchant, Bribe Branch, Renounce Religion


You were on level 4 of the Dungeon.
You worshipped Gozag.
Gozag was noncommittal.
You were not hungry.

You visited 1 branch of the dungeon, and saw 4 of its levels.

You collected 415 gold pieces.
You spent 49 gold pieces at shops.
You paid 126 gold pieces to Gozag.

Inventory:

Hand weapons
 a - a +0 trident (weapon)
 g - a +0 longbow
 u - a +1 blowgun
Missiles
 b - 29 stones (quivered)
 e - 5 tomahawks of dispersal
 t - 29 poisoned needles
 A - 27 arrows
Armour
 m - a +1 cloak (worn)
Jewellery
 i - an uncursed ring of protection from cold
 s - a +4 ring of protection (right hand)
 w - a cursed +5 ring of intelligence (left hand)
Scrolls
 d - 2 scrolls of blinking
 y - a scroll of amnesia
Potions
 h - 2 potions of restore abilities
 j - a potion of magic
 k - a potion of brilliance {unknown}
 l - a potion of curing {unknown}
 o - a potion of ambrosia {unknown}
 p - a potion of might {unknown}
 v - 2 potions of heal wounds {unknown}
 x - a potion of cancellation {unknown}
Books
 c - a book of Spatial Translocations

   Spells                             Type                      Level
   a - Apportation                    Translocation                1
   b - Blink                          Translocation                2
   c - Shroud of Golubria             Charms/Translocation         2
   d - Portal Projectile              Translocation                3
   e - Teleport Other                 Translocation                3
   f - Passage of Golubria            Translocation                4
Comestibles
 f - 4 bread rations
 n - a meat ration
 q - 2 slices of pizza
 r - 3 beef jerkies
 z - a royal jelly


   Skills:
 * Level 5.2 Fighting
 * Level 4.5 Polearms
 - Level 0.8 Throwing
 - Level 2.1 Dodging
 - Level 2.0 Spellcasting
 - Level 3.0 Translocations


You had one spell level left.
You knew the following spells:

 Your Spells              Type           Power        Failure   Level  Hunger
a - Apportation           Tloc           ##........   6%          1    #......
b - Blink                 Tloc           N/A          10%         2    ###....
c - Shroud of Golubria    Chrm/Tloc      #.........   14%         2    ###....
d - Portal Projectile     Tloc           ##....       14%         3    ###....


Dungeon Overview and Level Annotations

Branches:
Dungeon (4/15)             Temple (0/1) D:4

Altars:
Elyvilon
Gozag
Nemelex Xobeh
Okawaru
Vehumet
Xom
The Shining One

Shops:
D:4 (

Annotations:
D:3 Pikaro's ghost, average OpCj


Innate Abilities, Weirdness & Mutations

Your plain brown scales are hard (AC +6).
Your body does not fit into most forms of armour.
Your cold-blooded metabolism reacts poorly to cold.


Message History

You tail-slap the orc, but do no damage.
The orc is moderately wounded.
The orc hits you but does no damage.
You are electrocuted!
* * * LOW HITPOINT WARNING * * *
You are too injured to fight recklessly!
Drink which item? (? for menu, Esc to quit)
Okay, then.
Casting: Shroud of Golubria
Confirm with . or Enter, or press ? or * to list all spells.
Space distorts slightly along a thin shroud covering your body.
The orc hits you but does no damage.
You are too injured to fight recklessly!
You hit the orc.
The orc is severely wounded.
The orc closely misses you.
You hit the orc but do no damage.
The orc is severely wounded.
The orc hits you but does no damage.
You are electrocuted!
You die...
Your body crumbles into a pile of gold.

.......##.......# #.####
.##.##.##.......# #....#
.##.##.##.......# ####.#
.##.##.##.......###....#
.##.##.##.#.#.......#>.#
.##.##.##..∩....###....#
.......####.##### ##.#.#
###.######..###### #...#
#.# #..........###..### #.#
#.########o#......# #.###.#
#####@#.#..#.#########
###.....#
#.....(..........#....
..#######
#.#####(###..###.#.#.# ...#
. #.###..###.#.... ...#
##.## #.(..).#.......# ...#
#...# #####....#.#.### ..##
#...# ##.####.#.### .##
#...# #.......#....
.#######
#...######.#.#.########
.......# #.(.......##.##.#
####
#.####.####....##....#.#.##
#...


You could see an orc.

Vanquished Creatures
  An orc priest (D:3)
  2 hounds (D:4)
  5 adders
  4 worms
  A giant gecko (D:3)
  6 orcs
  5 giant cockroaches
  9 goblins
  11 hobgoblins
  9 jackals
  8 kobolds
  3 oozes
  8 bats
  3 giant newts
  40 rats
115 creatures vanquished.

Notes
Turn   | Place    | Note
--------------------------------------------------------------
     0 | D:1      | MrRokkomies, the Draconian Warper, began the quest for the Orb.
     0 | D:1      | Reached XP level 1. HP: 17/17 MP: 3/3
   149 | D:1      | Reached XP level 2. HP: 18/25 MP: 4/4
   511 | D:1      | Learned a level 2 spell: Blink
   514 | D:1      | Learned a level 2 spell: Shroud of Golubria
   641 | D:1      | Reached XP level 3. HP: 20/31 MP: 6/6
  1319 | D:2      | Reached XP level 4. HP: 27/39 MP: 7/7
  1478 | D:2      | Reached skill level 4 in Fighting
  1944 | D:3      | Found a white marble altar of Elyvilon.
  1948 | D:3      | Found a radiant altar of Vehumet.
  1949 | D:3      | Found a sparkling altar of Nemelex Xobeh.
  1955 | D:3      | Found a shimmering altar of Xom.
  1975 | D:3      | Upgraded the game from 0.16-a0-3210-ge5ae1c3 to 0.16-a0-3215-g5dfac0e
  1975 | D:3      | Found an opulent altar of Gozag.
  1976 | D:3      | Found an iron altar of Okawaru.
  1980 | D:3      | Found a glowing golden altar of the Shining One.
  2015 | D:3      | Became a worshipper of Gozag Ym Sagoz the Greedy
  2061 | D:3      | Noticed Pikaro's ghost (average OpCj)
  2115 | D:3      | Reached XP level 5. HP: 40/47 MP: 7/9
  2618 | D:4      | Reached skill level 5 in Fighting
  2640 | D:4      | Found a staircase to the Ecumenical Temple.
  2885 | D:4      | Learned a level 3 spell: Portal Projectile
  3065 | D:4      | Reached XP level 6. HP: 38/56 MP: 8/10
  3065 | D:4      | Found Efuutuf's Weapon Boutique.
  3164 | D:4      | Bought a +0 longbow for 49 gold pieces
  3268 | D:4      | Slain by an orc

Action                   |  1- 3 |  4- 6 || total
-------------------------+-------+-------++-------
Melee: Spear             |   232 |   212 ||   444
       Trident           |       |    93 ||    93
Throw: Stone             |       |     3 ||     3
 Cast: Shroud of Golubri |     6 |     5 ||    11
       Apportation       |       |     1 ||     1
  Use: Scroll            |     3 |     6 ||     9
 Stab: Sleeping          |     1 |     3 ||     4
  Eat: Chunk             |     2 |     3 ||     5
       Meat ration       |       |     1 ||     1
